Map: Abyssal Reef LE

Players

EggsAndBacon - Winner!

  • Race: Zerg Zerg
  • Spawn Location: 11:00

A.I. 1 (Very Easy)

  • Race: Protoss Protoss
  • Spawn Location: 5:00

VOD

Have the link to the VOD?

Description

Time

  • Played on: March 20, 2025, 9:50 p.m.
  • Length: 7:39
Show
View Real Time Build Order
Export as new Build Order

EggsAndBacon Zerg - Winner!

Build Orders: Hatch First, Lurkers 

Get SALT Encoding   

  12  0:00  Drone  
  13  0:12  Overlord  
  13  0:17  Drone  
  14  0:30  Drone x2  
  16  0:48  Hatchery  
  15  0:51  Drone  
  15  0:54  Drone  
  17  0:59  Drone  
  18  1:14  Spawning Pool  
  18  1:15  Drone  
  19  1:18  Drone  
  19  1:29  Drone, Extractor  
  19  1:38  Drone  
  20  1:54  Drone  
  20  2:00  Overlord  
  20  2:01  Queen x2  
  21  2:04  Drone  
  26  2:11  Zergling x4  
  28  2:22  Drone x2  
  30  2:37  Drone x2  
  32  2:39  Lair  
  32  2:43  Overlord  
  34  2:56  Hatchery  
  31  2:59  Drone x3  
  31  3:02  Queen  
  36  3:10  Drone x4  
  40  3:13  Drone  
  40  3:16  Overlord  
  40  3:19  Drone  
  42  3:20  Drone  
  43  3:30  Drone  
  43  3:31  Extractor  
  43  3:34  Extractor  
  43  3:35  Extractor  
  43  3:37  Drone x3  
  44  3:46  Drone x4  
  44  3:47  Drone  
  49  3:57  Overlord  
  49  3:59  Hydralisk Den  
  48  4:03  Drone x2  
  48  4:08  Overlord x2  
  50  4:10  Drone  
  50  4:14  Queen  
  53  4:19  Drone x3  
  53  4:20  Drone x2  
  58  4:26  Spore Crawler  
  58  4:27  Drone x2, Spore Crawler  
  58  4:28  Drone  
  59  4:32  Lurker Den  
  59  4:34  Grooved Spines  
  58  4:38  Evolution Chamber  
  58  4:39  Drone  
  58  4:42  Pneumatized Carapace  
  58  5:00  Hydralisk x6  
  58  5:02  Drone  
  71  5:10  Zerg Missile Weapons Level 1  
  71  5:21  Queen  
  71  5:25  Muscular Augments  
  76  5:28  Drone x9  
  76  5:33  Overlord x2  
  76  5:34  Overlord  
  82  5:50  Extractor  
  82  5:52  Drone x3, Spore Crawler  
  82  5:53  Drone x3  
  82  5:55  Extractor  
  85  6:01  Lurker x2  
  85  6:03  Lurker x2  
  89  6:08  Drone x4  
  93  6:21  Hatchery  
  93  6:23  Drone x4  
  96  6:36  Lurker x2, Infestation Pit  
  97  6:56  Drone x9  
  106  7:14  Extractor x2  
  104  7:16  Spore Crawler  
  104  7:17  Drone x3, Overlord x3  
  104  7:18  Overlord x2  
Show
View Real Time Build Order
Export as new Build Order

A.I. 1 (Very Easy) Protoss 

Build Orders:  

Get SALT Encoding   

  12  0:00  Probe  
  13  0:13  Probe  
  14  0:20  Pylon  
  14  0:37  Assimilator  
  14  0:43  Gateway  
  14  0:48  Pylon  
  14  1:17  Assimilator  
  14  1:25  Zealot  
  14  1:26  Probe  
  17  1:34  Probe  
  17  1:35  Cybernetics Core  
  18  1:44  Probe  
  19  1:56  Probe  
  19  2:01  Warp Gate  
  20  2:04  Probe  
  21  2:12  Probe  
  22  2:40  Stalker  
  24  7:00  Stalker  
  26  7:08  Probe  
  22  7:10  Robotics Facility  
  22  7:13  Pylon  
  17  7:17  Probe  
  10  7:25  Probe  
  10  7:29  Pylon  
  5  7:31  Pylon  
Tags
 
Composition
Lurkers
Matchup
PvZ
Spawn Locations
Cross Positions
Add a new tag
Caveats
  • Supply blocks, unpowered buildings, or Contaminate may cause inaccurate times.
  • Supply counts are checked every 10 seconds.